 Dungeon Crawl Stone Soup version 0.21.1-1-g345015fe64 (webtiles) character file.

1880 Bjarke the Cleaver (level 9, -3/77 (78) HPs)
             Began as a Hill Orc Fighter on June 11, 2018.
             Slain by an orc warrior
             ... wielding a +2 halberd of chopping
              (23 damage)
             ... on level 6 of the Dungeon.
             The game lasted 00:58:43 (5703 turns).

Bjarke the Cleaver (Hill Orc Fighter)               Turns: 5703, Time: 00:58:44

HP:   -3/77 (78)    AC:  7    Str: 19    XL:     9   Next: 14%
MP:   9/9           EV:  8    Int: 10    God:
Gold: 88            SH: 10    Dex: 11    Spells: 8/8 levels left

rFire    + . .     SeeInvis .   z - +4 hand axe (holy)
rCold    . . .     Gourm    .   c - +0 shield
rNeg     . . .     Faith    .   b - +0 scale mail
rPois    .         Spirit   .   (no helmet)
rElec    .         Reflect  .   (no cloak)
rCorr    .         Harm     .   (no gloves)
MR       .....                  (no boots)
Stlth    ..........             (no amulet)
HPRegen  0.22/turn              r - ring of protection from fire
MPRegen  0.11/turn              (no ring)

@: no status effects
A: no striking features
a: no special abilities


You were on level 6 of the Dungeon.
You were very hungry.

You visited 1 branch of the dungeon, and saw 6 of its levels.

You collected 389 gold pieces.
You spent 301 gold pieces at shops.

Inventory:

Hand Weapons
 a - a +0 war axe
 z - a +4 hand axe of holy wrath (weapon)
 B - a +2 falchion of distortion
Armour
 b - a +0 scale mail (worn)
 c - a +0 shield (worn)
Jewellery
 r - a ring of protection from fire (left hand)
Scrolls
 j - 2 scrolls of magic mapping {unknown}
 k - 5 scrolls of teleportation {unknown}
 l - a scroll of noise {unknown}
 o - a scroll of fear {unknown}
 p - a scroll of immolation {unknown}
 q - 5 scrolls of identify {unknown}
 t - a scroll of fog {unknown}
 u - a scroll of enchant weapon {unknown}
 w - 5 scrolls of remove curse {unknown}
 y - a scroll of random uselessness {unknown}
Potions
 d - 2 potions of might
 e - 2 potions of heal wounds {unknown}
 g - 4 potions of agility {unknown}
 h - 2 potions of invisibility {unknown}
 i - 3 potions of degeneration {unknown}
 m - 6 potions of curing {unknown}
 n - a potion of resistance {unknown}
 s - a potion of berserk rage {unknown}
 v - 2 potions of magic {unknown}
 x - 3 potions of flight {unknown}
Comestibles
 f - 9 rations


   Skills:
 + Level 6.6 Fighting
 + Level 9.9 Axes
 + Level 6.2 Armour
 + Level 7.1 Shields
 - Level 0.3 Spellcasting


You had 8 spell levels left.
You didn't know any spells.

Dungeon Overview and Level Annotations

Branches:
Dungeon (6/15)
 Temple: D:4-7

Altars:
Ashenzari

Shops:
D:4 (


Message History

The necrophage is lightly damaged.
The necrophage hits you but does no damage.
You slash the necrophage!
The necrophage convulses!
The necrophage is severely damaged.
The orc warrior hits you from afar with a halberd of chopping!
The necrophage closely misses you.
You closely miss the necrophage.
The necrophage is severely damaged.
The orc warrior closely misses you. The necrophage hits you.
You slash the necrophage!
You destroy the necrophage!
You block the orc warrior's attack.
The crimson imp blinks!
The crimson imp blinks!
You block the orc warrior's attack.
The orc warrior hits you from afar with a halberd of chopping.
The orc warrior hits you from afar with a halberd of chopping!
* * * LOW HITPOINT WARNING * * *
x2 The orc warrior hits you with a halberd of chopping!!
You die...

#.# #.# #.#
#5# .. #.#
.. . #.#
.#.# #.#
#.#.# #o#
....#
#@####....#
#.##...#...
#.....###.#
#...#..##.#
##..###..#.#
##..##
##...# #..##
+#..########
#.##
##.........
#..#
#..########


You could see an orc warrior and a crimson imp.

Vanquished Creatures
  Pikel (D:4)
  Eustachio (D:4)
  3 ice beasts
  A phantom (D:5)
  2 necrophages
  3 centaurs
  A bullfrog (D:6)
  2 scorpions (D:6)
  A gnoll shaman (D:6)
  A worker ant (D:4)
  A hound skeleton (D:4)
  A howler monkey skeleton (D:5)
  4 gnolls (D:6)
  10 adders
  3 oozes
  4 worms
  2 dart slugs
  4 leopard geckos
  14 orcs
  5 bats
  3 giant cockroaches
  6 goblins
  8 hobgoblins
  8 jackals
  3 kobolds
  A quokka (D:2)
  5 ball pythons
  7 frilled lizards
  A jackal zombie (D:4)
  3 rats
  A plant (D:1)
110 creatures vanquished.

Vanquished Creatures (others)
  A howler monkey (D:4)
1 creature vanquished.

Grand Total: 111 creatures vanquished

Notes
Turn   | Place    | Note
-------+----------+-------------------------------------------
     0 | D:1      | Bjarke the Hill Orc Fighter began the quest for the Orb.
     0 | D:1      | Reached XP level 1. HP: 19/19 MP: 1/1
   159 | D:2      | Reached XP level 2. HP: 24/27 MP: 2/2
   535 | D:1      | Reached skill level 3 in Axes
   552 | D:1      | Reached XP level 3. HP: 28/33 MP: 3/3
   737 | D:1      | You fall through a shaft!
  1271 | D:2      | Reached XP level 4. HP: 40/40 MP: 4/4
  1884 | D:2      | Reached skill level 4 in Axes
  2433 | D:3      | Reached XP level 5. HP: 46/47 MP: 5/5
  3528 | D:4      | Reached skill level 5 in Axes
  3648 | D:4      | Found a shattered altar of Ashenzari.
  3708 | D:5      | Entered Level 5 of the Dungeon
  3708 | D:5      | Noticed a centaur
  3708 | D:5      | Noticed a necrophage
  3708 | D:5      | Noticed an ice beast
  3722 | D:5      | Noticed an ice beast
  3723 | D:5      | Noticed a phantom
  3736 | D:5      | Killed an ice beast
  3736 | D:5      | Reached XP level 6. HP: 52/53 MP: 6/6
  3751 | D:5      | Killed a phantom
  3751 | D:5      | Reached skill level 6 in Axes
  3805 | D:5      | Killed an ice beast
  3805 | D:5      | Reached skill level 5 in Fighting
  3805 | D:5      | Reached skill level 5 in Shields
  3805 | D:5      | Reached XP level 7. HP: 43/61 MP: 7/7
  4007 | D:4      | Found Xauluoho's Weapon Shop.
  4031 | D:4      | Bought a +4 hand axe of holy wrath for 301 gold pieces
  4312 | D:4      | Reached skill level 7 in Axes
  4359 | D:4      | Noticed Eustachio
  4394 | D:4      | Killed Eustachio
  4442 | D:4      | Noticed Pikel
  4458 | D:4      | Killed Pikel
  4458 | D:4      | Reached skill level 8 in Axes
  4458 | D:4      | Reached skill level 5 in Armour
  4458 | D:4      | Reached XP level 8. HP: 60/70 MP: 8/8
  4881 | D:5      | Reached skill level 9 in Axes
  5634 | D:6      | Reached XP level 9. HP: 63/77 MP: 9/9
  5703 | D:6      | Slain by an orc warrior

Skill      XL: |  1  2  3  4  5  6  7  8  9 |
---------------+----------------------------+-----
Fighting       | 4 5 6 |  6.6
Axes           | 3 4 5 6 8 9 |  9.9
Shields        | 4 5 6 7 |  7.1
Armour         | 4 5 6 |  6.2
Spellcasting   | |  0.3

Action                   |  1- 3 |  4- 6 |  7- 9 || total
-------------------------+-------+-------+-------++-------
Melee: War axe           |    95 |   234 |    12 ||   341
       Hand axe          |       |       |   161 ||   161
  Eat: Chunk             |     1 |     8 |     6 ||    15
Armor: Scale mail        |    20 |    88 |    49 ||   157
Dodge: Dodged            |    24 |    51 |    44 ||   119
Block: Shield            |    40 |    96 |    95 ||   231
